 Dungeon Crawl Stone Soup version 0.28.0-45-g0d030f2227 (webtiles) character file.

Game seed: 2633384415685022391

3274 4FPSwarrior the Destroyer (level 10, -5/61 HPs)
             Began as a Tengu Conjurer on Apr 3, 2022.
             Was a Believer of Ru.
             Slain by a komodo dragon (26 damage)
             ... on level 8 of the Dungeon.
             The game lasted 00:27:36 (10128 turns).

4FPSwarrior the Destroyer (Tengu Conjurer)         Turns: 10128, Time: 00:27:37

Health: -5/61      AC:  4    Str: 11    XL:     10   Next: 0%
Magic:  12/21      EV: 14    Int: 20    God:    Ru [**....]
Gold:   192        SH:  0    Dex: 12    Spells: 14/23 levels left

rFire   + . .      SeeInvis .   y - +0 whip (elec)
rCold   x . .      Faith    .   (no shield)
rNeg    + + .      Spirit   .   c - +0 leather armour of the Cuttlefish {rF++ rN++ Slay-4}
rPois   .          Reflect  .   (helmet restricted)
rElec   .          Harm     .   (no cloak)
rCorr   .          Rampage  .   x - +0 pair of gloves
Will    .....                   (boots unavailable)
Stlth   ++........              (no amulet)
HPRegen 0.20/turn               (no ring)
MPRegen 0.17/turn               (no ring)

@: flying quickly and evasively, quick
A: beak, talons 3, nimble flight, temperature sensitive
a: Renounce Religion


You were on level 8 of the Dungeon.
You worshipped Ru.
Ru was pleased with you.
You visited 2 branches of the dungeon, and saw 9 of its levels.
You also visited: Sewer and Ossuary.

You collected 304 gold pieces.
You spent 112 gold pieces at shops.

Inventory:

Hand Weapons
 b - a +0 dagger
 d - a +0 whip of draining
 o - a +2 short sword of venom
 y - a +0 whip of electrocution (weapon)
Missiles
 F - a throwing net
Armour
 a - a +0 robe
 c - the +0 leather armour of the Cuttlefish (worn) {rF++ rN++ Slay-4}
   (You found it on level 3 of the Dungeon)

   Slay:      It affects your accuracy & damage with ranged weapons and melee
   (-4).
   rF:        It greatly protects you from fire.
   rN:        It greatly protects you from negative energy.
 t - a +0 ring mail
 x - a +0 pair of gloves (worn)
 D - quicksilver dragon scales
Jewellery
 f - an amulet of faith
Wands
 l - a wand of iceblast (8)
 z - a wand of digging (4)
Scrolls
 e - 2 scrolls of fear
 j - a scroll of holy word
 m - a scroll of enchant weapon
 u - a scroll of immolation
 v - a scroll of noise {unknown}
 w - a scroll of magic mapping {unknown}
 B - a scroll of brand weapon {unknown}
 E - a scroll of amnesia
Potions
 g - 4 potions of invisibility
 h - 2 potions of heal wounds
 i - 2 potions of curing
 k - 2 potions of degeneration {unknown}
 n - 2 potions of berserk rage {unknown}
 p - 2 potions of ambrosia {unknown}
 q - a potion of brilliance {unknown}
 r - 2 potions of might
 s - 3 potions of lignification
 C - 2 potions of resistance


   Skills:
 + Level 6.7 Fighting
 - Level 2.1 Dodging
 - Level 2.0 Stealth
 + Level 7.1 Spellcasting
 + Level 11.2 Conjurations
 + Level 5.5 Fire Magic


You had 14 spell levels left.
You knew the following spells:

 Your Spells              Type           Power      Damage    Failure   Level
a - Magic Dart            Conj           100%       1d8       1%          1
b - Searing Ray           Conj           100%       2d8       1%          2
c - Starburst             Conj/Fire      20%        6d7       52%         6

Your spell library contained the following spells:

 Spells                   Type           Power      Damage    Failure   Level
 Dazzling Flash           Conj/Hex       58%        N/A       3%          3
 Fulminant Prism          Conj/Hex       14%        3d9       12%         4
 Iskenderun's Mystic Bla  Conj/Tloc      29%        2d7       12%         4


Dungeon Overview and Level Annotations

Branches:
Dungeon (8/15)             Temple (1/1) D:4           Sewer (visited)
Ossuary (visited)
   Lair: D:8-11

Altars:
Ashenzari
Cheibriados
Dithmenos
Elyvilon
Fedhas
Gozag
Hepliaklqana
Kikubaaqudgha
Makhleb
Nemelex Xobeh
Okawaru
Qazlal
Ru
Trog
Uskayaw
Vehumet
Xom
Yredelemnul
Zin
The Shining One

Shops:
D:3 !   D:6 (

Annotations:
D:2 Sigmund
D:3 1 runed translucent door, doomsgape's ghost, amateur MfIE
D:7 Harold; Joseph


Innate Abilities, Weirdness & Mutations

You have a beak for a mouth.
You have claws for feet.
Your magical nature lets you fly swiftly and evasively.
You are sensitive to extremes of temperature. (rF-, rC-)


Message History

You finish channelling your searing ray.
You have reached level 10!
Magic restored.
A komodo dragon comes into view.
Casting: Searing Ray (safe; 1% risk of failure)
Confirm with . or Enter, or press ? or * to list all spells.
Aiming: Searing Ray (safe; 1% risk of failure)
Press: ? - help, Shift-Dir - straight line, f - komodo dragon
Aim: a komodo dragon (wandering, hasn't noticed you, 87% to hit)
The searing ray hits the komodo dragon!
The komodo dragon is lightly wounded.
The komodo dragon hisses angrily. (Press . to maintain the ray.)
The searing ray hits the komodo dragon.
The komodo dragon is moderately wounded.
The komodo dragon hisses menacingly.
The searing ray hits the komodo dragon.
The komodo dragon is moderately wounded.
You finish channelling your searing ray.
The komodo dragon is stunned by your conviction and fails to attack.
Casting: Searing Ray (safe; 1% risk of failure)
Confirm with . or Enter, or press ? or * to list all spells.
Aiming: Searing Ray (safe; 1% risk of failure)
Press: ? - help, Shift-Dir - straight line, f/p - komodo dragon
Aim: a komodo dragon (moderately wounded, 87% to hit)
The searing ray hits the komodo dragon but does no damage.
The komodo dragon is moderately wounded. (Press . to maintain the ray.)
The komodo dragon bites you!
The searing ray hits the komodo dragon!
The komodo dragon is heavily wounded.
The komodo dragon bites you!!
The searing ray hits the komodo dragon.
The komodo dragon is heavily wounded.
The komodo dragon completely misses you.
The searing ray hits the komodo dragon but does no damage.
The komodo dragon is heavily wounded.
You finish channelling your searing ray.
The komodo dragon bites you!!
You die...

## ..# ## ...#
.## .##.... ....
.......
.....#####.......
........#......##
...)>)..l........
....###.#@....###
. #.#<#+#....
#.### ... ... .
... .... ....#


You could see a komodo dragon.

Vanquished Creatures
  Menkaure (D:5)
  2 ice beasts
  2 black bears (D:6)
  2 orc warriors
  A necrophage (D:6)
  An ogre (D:4)
  3 centaurs
  5 scorpions
  6 water moccasin zombies
  4 wights (D:7)
  An electric eel (D:7)
  3 centaur zombies
  3 hounds
  3 bullfrog skeletons
  A centaur skeleton (D:3)
  2 orc priests
  Jessica (D:3)
  7 iguanas
  3 orc wizards
  2 hound skeletons (D:5)
  3 mummies
  7 gnolls
  4 river rats
  11 adders
  A shadow imp (D:6)
  4 adder zombies (Ossuary)
  A dart slug (D:4)
  7 worms
  12 orcs
  9 bats
  4 endoplasms
  5 giant cockroaches
  2 gnoll zombies (Ossuary)
  5 goblins
  4 hobgoblins
  4 jackals
  A quokka (D:3)
  14 ball pythons
  A frilled lizard (D:2)
  5 hobgoblin zombies (Ossuary)
  13 kobolds
  4 kobold zombies (Ossuary)
  2 orc zombies (Ossuary)
  10 rats
186 creatures vanquished.

Notes
Turn   | Place    | Note
-------+----------+-------------------------------------------
     0 | D:1      | 4FPSwarrior the Tengu Conjurer began the quest for the Orb.
     0 | D:1      | Reached XP level 1. HP: 10/10 MP: 4/4
   259 | D:1      | Reached XP level 2. HP: 15/15 MP: 4/6
   740 | D:1      | Reached XP level 3. HP: 19/19 MP: 4/7
   965 | D:1      | Reached skill level 6 in Conjurations
  1064 | D:1      | Found a faded altar of an unknown god.
  1195 | D:2      | Noticed Sigmund
  1951 | D:3      | Identified the +0 leather armour of the Cuttlefish {rF++
                  | rN++ Slay-4}
  2031 | D:3      | Found a runed translucent door.
  2032 | D:3      | Noticed doomsgape's ghost (amateur MfIE)
  2106 | D:3      | Learned a level 2 spell: Searing Ray
  2171 | D:3      | Reached XP level 4. HP: 24/24 MP: 6/9
  2404 | D:3      | Found a glowing drain.
  2431 | Sewer    | Entered a sewer
  2980 | Sewer    | Gained mutation: Your magical nature lets you fly swiftly
                  | and evasively. [Tengu growth]
  2980 | Sewer    | Reached XP level 5. HP: 28/28 MP: 5/11
  3065 | Sewer    | Noticed a kobold brigand
  3086 | Sewer    | Noticed a kobold brigand
  3086 | Sewer    | Noticed a kobold brigand
  3091 | Sewer    | Noticed a kobold brigand
  3091 | Sewer    | Noticed a kobold brigand
  3277 | Sewer    | Reached skill level 7 in Conjurations
  3320 | Sewer    | Noticed a kobold brigand
  3384 | Sewer    | Reached skill level 1 in Fighting
  3544 | D:3      | Noticed Jessica
  3547 | D:3      | Killed Jessica
  3668 | D:3      | Reached XP level 6. HP: 29/34 MP: 5/12
  3941 | D:3      | Found Farim's Distillery.
  3949 | D:3      | Bought a potion of heal wounds for 70 gold pieces
  3949 | D:3      | Bought a potion of curing for 42 gold pieces
  4405 | D:4      | Found an opulent altar of Gozag.
  4417 | D:4      | Noticed an orc warrior
  4469 | D:4      | Found a sand-covered staircase.
  4479 | Ossuary  | Entered an ossuary
  4705 | Ossuary  | Reached skill level 8 in Conjurations
  4705 | Ossuary  | Reached XP level 7. HP: 33/40 MP: 6/14
  4949 | Ossuary  | Reached skill level 5 in Spellcasting
  5514 | D:4      | Found a staircase to the Ecumenical Temple.
  5527 | D:4      | Reached XP level 8. HP: 45/48 MP: 7/16
  5533 | Temple   | Entered the Ecumenical Temple
  5692 | Temple   | Learned a level 6 spell: Starburst
  5732 | Temple   | Became a worshipper of Ru the Awakened
  5821 | D:4      | Found a white marble altar of Elyvilon.
  6052 | D:5      | Entered Level 5 of the Dungeon
  6061 | D:5      | Reached skill level 9 in Conjurations
  6434 | D:5      | Reached skill level 1 in Fire Magic
  7001 | D:5      | Noticed Menkaure
  7008 | D:5      | Killed Menkaure
  7426 | D:6      | Reached skill level 5 in Fighting
  7528 | D:6      | Reached skill level 10 in Conjurations
  7528 | D:6      | Reached XP level 9. HP: 43/54 MP: 3/19
  7979 | D:6      | Gained mutation: You are sensitive to extremes of
                  | temperature. (rF-, rC-) [Ru sacrifice]
  7979 | D:6      | Reached * piety under Ru
  7979 | D:6      | Reached ** piety under Ru
  8798 | D:6      | Found Hetree's Weapon Boutique.
  9433 | D:7      | Noticed Harold
  9569 | D:7      | Found a basalt altar of Yredelemnul.
  9571 | D:7      | Found an iron altar of Okawaru.
  9623 | D:7      | Reached skill level 11 in Conjurations
  9623 | D:7      | Reached skill level 5 in Fire Magic
  9864 | D:7      | Noticed Joseph
 10089 | D:8      | Reached XP level 10. HP: 61/61 MP: 15/21
 10128 | D:8      | Slain by a komodo dragon

Illustrated notes

Levels and vault maps discovered:
D:1:      dpeg_arrival_pond, layout_loops_ring,
          hellmonk_ecumenical_altar_inner_sanctum, st_stairs_8, feat_on_display
D:2:      kennysheep_six_static_rooms, layout_basic, uniq_sigmund
D:3:      layout_loops_ring, serial_shops, nicolae_shop_waterfront,
          hellmonk_ghost_happy_afterlife, portal_sewer_entry_b,
          minmay_stone_trees_small, uniq_jessica
D:4:      layout_cave_pods, mainiacjoe_overflow_large_starburst,
          minmay_temple_entry_large_hall, gup_ossuary_entry_pyramid
D:5:      layout_basic, uniq_menkaure
D:6:      layout_loops_corners, serial_shops, nicolae_square_shop,
          minmay_fractal_squares_diagonal_5
D:7:      layout_loops_ring, nicolae_overflow_squiral, uniq_pikel, uniq_joseph,
          uniq_harold
D:8:      layout_basic, serial_shops, nicolae_shop_hallway_plus, shop,
          lemuel_flamethrower_2, uniq_maurice
Temple:   compressed_dpeg_circular_temple

Skill      XL: |  1  2  3  4  5  6  7  8  9 |
---------------+----------------------------+-----
Conjurations   | 6 7 8 10 11 | 11.2
Spellcasting   | 3 4 5 6 7 |  7.1
Fighting       | 1 2 4 5 6 |  6.7
Fire Magic     | 3 5 |  5.5
Dodging        | |  2.1
Stealth        | |  2.0

Action                   |  1- 3 |  4- 6 |  7- 9 | 10-12 || total
-------------------------+-------+-------+-------+-------++-------
Melee: Whip              |       |       |     3 |       ||     3
       Kick              |       |       |     1 |       ||     1
       Peck              |       |       |     1 |       ||     1
 Cast: Magic Dart        |    86 |   134 |   104 |       ||   324
       Searing Ray       |       |    13 |    62 |     2 ||    77
Invok: Sacrifice Resista |       |       |     1 |       ||     1
Evoke: Wand              |       |       |     2 |       ||     2
  Use: Scroll            |     4 |     3 |     4 |       ||    11
       Potion            |     1 |       |       |       ||     1
Armor: Robe              |     1 |       |       |       ||     1
       Skin              |    10 |       |       |       ||    10
       Leather armour    |       |     2 |    24 |       ||    26
Dodge: Dodged            |     5 |    15 |    88 |     1 ||   109
